Map: Magma Mines

Players

Musumeci - Winner!

  • Race: Zerg Zerg
  • League: Diamond
  • Spawn Location: 3:00

MichyMoko - Winner!

  • Race: Zerg Zerg
  • Spawn Location: 1:00

Pepto

  • Race: Terran Terran
  • League: Silver
  • Spawn Location: 11:00

dirtydog

  • Race: Protoss Protoss
  • League: Platinum
  • Spawn Location: 9:00

VOD

Have the link to the VOD?

Description

Time

  • Played on: March 23, 2017, 4:36 p.m.
  • Length: 11:30
Show
View Real Time Build Order
Export as new Build Order

Musumeci Zerg - Winner!

Build Orders: Hatch First 

Get SALT Encoding   

  12  0:01  Drone  
  13  0:12  Drone  
  14  0:17  Extractor  
  14  0:18  Drone  
  15  0:26  Overlord  
  15  0:49  Hatchery  
  14  1:01  Drone x2  
  14  1:03  Drone  
  17  1:17  Spawning Pool  
  16  1:23  Drone  
  16  1:25  Drone  
  18  1:33  Drone  
  19  1:43  Overlord  
  19  2:01  Drone  
  19  2:02  Drone  
  21  2:17  Queen  
  21  2:18  Queen  
  21  2:20  Extractor  
  21  2:21  Extractor  
  23  2:23  Drone x4  
  27  2:36  Extractor  
  26  2:42  Drone x3  
  29  2:51  Extractor  
  29  2:53  Queen  
  29  2:54  Queen  
  33  3:15  Drone x4, Roach Warren  
  33  3:16  Extractor  
  33  3:18  Extractor  
  33  3:19  Drone  
  35  3:22  Hatchery  
  35  3:25  Overlord  
  34  3:27  Drone  
  35  3:44  Drone x3  
  35  3:47  Drone x4  
  42  4:02  Roach  
  44  4:12  Overlord x2  
  44  4:18  Overlord  
  44  4:21  Lair  
  44  4:25  Evolution Chamber  
  44  4:26  Evolution Chamber  
  44  4:27  Roach  
  44  4:32  Drone x3  
  44  4:33  Drone x2  
  44  4:35  Ravager  
  50  4:39  Roach x2  
  54  4:49  Drone  
  55  4:55  Ravager  
  55  4:57  Roach x2  
  55  4:58  Roach x3  
  66  5:00  Ravager x2  
  66  5:05  Drone x4  
  72  5:18  Ravager x2  
  72  5:21  Overlord x4  
  74  5:27  Zerg Missile Weapons Level 1  
  74  5:30  Zerg Ground Armor Level 1  
  74  5:39  Ravager x3  
  74  5:42  Roach x4  
  85  5:45  Overlord  
  85  6:06  Ravager x4  
  89  6:14  Roach  
  89  6:15  Roach x9  
  94  6:37  Ravager x3  
  97  6:44  Glial Reconstitution  
  97  6:46  Extractor  
  97  6:47  Drone x3  
  97  6:48  Drone x3, Extractor  
  98  6:54  Drone x3  
  83  7:20  Roach x6  
  83  7:21  Roach x7  
  102  7:36  Drone x3  
  105  7:40  Zerg Missile Weapons Level 2, Zerg Ground Armor Level 2  
  105  7:45  Drone x2  
  105  7:46  Drone  
  108  7:56  Roach x3  
  98  8:21  Roach x10  
  98  8:24  Ravager x6  
  104  8:31  Ravager  
  105  8:35  Roach x4  
  113  8:55  Ravager  
  114  8:57  Overlord x8  
  114  8:58  Hatchery, Overlord x3  
  114  8:59  Extractor  
  114  9:00  Extractor  
  111  9:13  Overseer  
  111  9:14  Overseer  
  111  9:17  Drone x5  
  111  9:18  Drone x2  
  111  9:20  Drone x2  
  111  9:21  Drone  
  111  9:22  Drone x3  
  124  9:25  Ravager  
  124  9:26  Ravager x8  
  133  9:38  Ravager x3  
  136  9:59  Roach x10  
  164  10:00  Roach x4  
  158  10:21  Roach  
  158  10:22  Roach x12  
  161  10:46  Roach  
  161  10:47  Roach x7  
  175  11:00  Ravager x8  
  175  11:01  Ravager  
  184  11:08  Ravager  
Show
View Real Time Build Order
Export as new Build Order

MichyMoko Zerg - Winner!

Build Orders: Hatch First 

Get SALT Encoding   

  12  0:01  Drone  
  13  0:12  Overlord  
  13  0:18  Drone  
  14  0:31  Drone x2  
  14  0:35  Drone  
  17  0:56  Drone  
  18  0:59  Hatchery  
  18  1:02  Drone  
  18  1:15  Spawning Pool, Drone  
  18  1:21  Extractor  
  18  1:25  Drone  
  18  1:35  Drone  
  19  1:41  Drone  
  20  1:55  Drone  
  21  2:10  Queen  
  21  2:11  Queen  
  21  2:13  Zergling x2  
  21  2:14  Drone  
  21  2:15  Overlord  
  27  2:27  Zergling x2  
  28  2:31  Overlord  
  28  2:41  Zergling x2  
  28  2:42  Drone  
  28  2:44  Metabolic Boost  
  30  2:48  Queen  
  32  2:53  Queen  
  32  2:55  Drone  
  32  2:56  Drone  
  36  2:59  Drone  
  36  3:02  Drone  
  38  3:08  Drone, Zergling x2  
  40  3:16  Roach Warren  
  40  3:19  Drone  
  41  3:20  Drone  
  41  3:22  Zergling x2  
  42  3:37  Zergling x4  
  44  3:47  Overlord x3, Extractor  
  43  3:49  Lair  
  39  4:13  Zergling x4  
  39  4:14  Drone x2, Zergling x2  
  39  4:15  Roach  
  39  4:16  Roach  
  47  4:55  Zergling x8  
  50  5:04  Roach  
  50  5:05  Roach x3, Zergling x8  
  61  5:20  Drone x2  
  61  5:21  Drone x3  
  66  5:29  Evolution Chamber, Overlord x2  
  66  5:31  Evolution Chamber  
  66  5:33  Extractor  
  63  5:35  Extractor  
  63  5:41  Drone x2  
  63  5:42  Drone x3  
  67  5:43  Drone  
  67  5:49  Ravager  
  69  5:50  Ravager x4  
  69  5:55  Hatchery  
  72  6:07  Roach x4  
  79  6:23  Zergling x6  
  79  6:24  Zergling x6  
  77  6:31  Zergling x2  
  77  6:32  Zergling x4  
  78  6:38  Zergling x2  
  71  7:00  Spire  
  70  7:01  Zerg Missile Weapons Level 1  
  70  7:02  Zerg Ground Armor Level 1  
  73  7:22  Roach  
  73  7:23  Roach x6  
  81  7:37  Glial Reconstitution  
  81  7:44  Overlord x2  
  81  7:45  Overlord x2  
  81  7:46  Drone x3  
  81  7:47  Drone x5  
  80  8:15  Corruptor x3  
  80  8:16  Corruptor x2  
  80  8:18  Zergling x2  
  80  8:19  Zergling x14  
  94  8:36  Zergling x18  
  94  8:41  Corruptor  
  100  8:58  Drone x4  
  100  9:00  Corruptor  
  100  9:01  Corruptor  
  108  9:10  Ravager  
  108  9:11  Ravager  
  108  9:12  Ravager  
  108  9:13  Roach  
  108  9:14  Roach x2  
  108  9:16  Overseer x2  
  117  9:23  Drone x3  
  117  9:24  Drone  
  121  9:28  Drone  
  121  9:29  Extractor  
  121  9:32  Overlord  
  121  9:39  Extractor  
  114  10:06  Roach  
  128  10:07  Roach x6  
  117  10:23  Roach  
  117  10:24  Roach x5  
  117  10:25  Overlord x2  
  117  10:26  Overlord x2  
  110  10:46  Zergling x2  
  110  10:47  Zergling x14  
Show
View Real Time Build Order
Export as new Build Order

Pepto Terran 

Build Orders:  

Get SALT Encoding   

  12  0:01  SCV  
  13  0:13  SCV  
  14  0:21  Supply Depot  
  14  0:25  SCV  
  15  0:42  SCV  
  16  0:47  Barracks  
  16  0:49  Refinery  
  16  0:54  SCV  
  17  1:06  SCV  
  18  1:18  SCV  
  19  1:34  Orbital Command  
  19  1:35  Refinery  
  19  1:37  Marine  
  19  1:39  Supply Depot  
  20  2:00  SCV  
  21  2:10  Factory  
  21  2:12  SCV  
  22  2:17  Barracks Reactor  
  22  2:24  SCV  
  22  2:28  Supply Depot  
  23  2:37  SCV  
  24  2:43  Command Center  
  24  2:49  SCV  
  25  3:06  Cyclone x2  
  25  3:08  SCV  
  25  3:12  Supply Depot  
  32  3:20  SCV  
  33  3:32  SCV  
  34  3:38  Cyclone x2  
  34  3:40  Supply Depot  
  40  3:47  Barracks Tech Lab  
  40  3:51  SCV  
  40  3:54  Supply Depot  
  41  3:55  Orbital Command  
  38  4:10  Cyclone  
  38  4:17  Cyclone  
  41  4:28  SCV  
  41  4:29  Refinery  
  42  4:40  SCV  
  42  4:42  Cyclone  
  42  4:43  Orbital Command  
  46  4:50  Cyclone  
  50  4:52  SCV, Supply Depot  
  47  5:04  SCV  
  47  5:10  SCV  
  48  5:16  Cyclone  
  48  5:17  SCV  
  52  5:22  SCV  
  56  5:28  Cyclone  
  56  5:29  SCV  
  56  5:34  SCV  
  58  5:41  SCV  
  59  5:46  SCV  
  60  5:53  SCV  
  60  5:56  Cyclone  
  64  5:58  SCV  
  64  6:00  Cyclone  
  68  6:04  Barracks  
  68  6:05  SCV, Barracks  
  68  6:07  Barracks, Supply Depot  
  68  6:10  SCV  
  70  6:17  SCV  
  62  6:22  SCV  
  50  6:34  Cyclone x2  
  50  6:36  Marauder  
  55  6:42  SCV x2  
  57  6:49  Bunker  
  57  6:54  SCV x2  
  58  6:57  Barracks Reactor, Barracks Tech Lab x2  
  59  7:05  Marauder  
  59  7:06  SCV, Concussive Shells, Cyclone x2  
  65  7:21  Marauder, Marine  
  68  7:23  SCV x2  
  68  7:26  Marine  
  71  7:32  Command Center  
  71  7:33  Barracks  
  71  7:34  Marine  
  71  7:35  Marine  
  73  7:38  Cyclone  
  73  7:39  Marine  
  73  7:41  Marine  
  73  7:43  Marine  
  79  7:52  Marine x2  
  79  7:57  Marine  
  82  8:00  Marauder  
  82  8:02  Marauder  
  86  8:10  Marine x2  
  82  8:34  Marauder x3, Marine x2  
  82  8:37  Cyclone x2  
  91  8:52  Marine x2  
  91  8:53  SCV  
  91  8:55  Marauder, Marine x2  
  98  9:00  Orbital Command  
  98  9:05  SCV x2  
  98  9:09  Refinery, Barracks Tech Lab  
  100  9:10  Marine  
  100  9:17  SCV  
  102  9:18  Marauder x3, SCV  
  102  9:19  Engineering Bay x2  
  109  9:24  Supply Depot  
  109  9:25  Supply Depot  
  109  9:31  SCV x2, Cyclone x2  
  117  9:34  Refinery  
  117  9:39  Refinery  
  117  9:46  Marauder x3, SCV x3, Marine x2  
  117  9:47  Marauder  
  130  9:58  SCV x2  
  132  10:04  Marine  
  133  10:13  Marine x2  
  133  10:14  Marauder, Marine, Cyclone  
  133  10:15  Marauder  
  133  10:16  Cyclone  
  113  10:22  Marine  
  105  10:30  Marine  
  105  10:31  Marauder  
  105  10:32  Marauder  
  105  10:35  Marauder  
  96  10:37  Marauder  
  96  10:40  Marine  
  89  10:46  SCV x2, Barracks  
  89  10:47  SCV, Cyclone  
  89  10:48  Marine, Cyclone  
  97  10:53  Marauder, Marine  
  97  10:56  Marine  
  98  10:58  SCV  
  98  10:59  SCV  
  98  11:00  Marauder, Starport  
  98  11:01  Missile Turret, Marine  
  98  11:03  Starport  
  100  11:06  Marine  
Show
View Real Time Build Order
Export as new Build Order

dirtydog Protoss 

Build Orders: Colossus Rush 

Get SALT Encoding   

  12  0:02  Probe (Chrono Boost)  
  13  0:12  Probe (Chrono Boost)  
  14  0:18  Pylon  
  14  0:23  Probe (Chrono Boost)  
  15  0:37  Probe (Chrono Boost)  
  15  0:40  Gateway  
  16  0:47  Probe (Chrono Boost)  
  17  0:50  Assimilator  
  17  0:54  Assimilator  
  17  0:58  Probe (Chrono Boost)  
  18  1:08  Probe (Chrono Boost)  
  19  1:16  Pylon  
  19  1:19  Probe (Chrono Boost)  
  20  1:26  Cybernetics Core  
  20  1:29  Probe (Chrono Boost)  
  20  1:31  Zealot  
  24  1:40  Probe (Chrono Boost)  
  24  1:51  Probe (Chrono Boost)  
  24  2:06  Nexus  
  24  2:11  Probe (Chrono Boost)  
  25  2:30  Robotics Facility  
  25  2:37  Robotics Facility  
  25  2:46  Pylon  
  25  2:48  Warp Gate  
  25  2:53  Probe (Chrono Boost)  
  26  3:03  Assimilator, Probe (Chrono Boost)  
  27  3:17  Observer  
  28  3:27  Immortal  
  32  3:35  Probe (Chrono Boost)  
  32  3:36  Probe (Chrono Boost)  
  34  3:46  Probe x2 (Chrono Boost)  
  34  3:48  Robotics Bay  
  36  3:57  Probe x2 (Chrono Boost)  
  36  3:58  Immortal  
  42  4:17  Gateway  
  42  4:19  Gateway  
  42  4:24  Gateway, Probe (Chrono Boost)  
  43  4:26  Probe (Chrono Boost)  
  43  4:30  Pylon  
  44  4:34  Probe (Chrono Boost)  
  44  4:35  Extended Thermal Lance  
  45  4:51  Forge  
  45  4:54  Probe x2 (Chrono Boost)  
  45  4:58  Pylon  
  47  5:03  Pylon  
  47  5:04  Probe (Chrono Boost)  
  47  5:06  Probe (Chrono Boost)  
  49  5:16  Pylon  
  49  5:17  Probe x2 (Chrono Boost)  
  49  5:19  Pylon  
  51  5:25  Colossus  
  51  5:26  Assimilator  
  51  5:28  Probe x2 (Chrono Boost)  
  59  5:34  Colossus  
  65  5:55  Stalker x3  
  71  5:57  Zealot  
  71  6:24  Pylon  
  67  6:26  Disruptor  
  64  6:38  Colossus  
  67  6:40  Zealot x3  
  67  6:41  Zealot  
  75  7:02  Disruptor, Zealot x4  
  83  7:24  Zealot x3  
  83  7:25  Zealot  
  91  7:36  Pylon  
  91  7:38  Pylon  
  91  7:40  Pylon  
  91  7:41  Pylon  
  91  7:43  Pylon  
  91  7:46  Zealot  
  93  7:53  Colossus  
  93  7:56  Colossus  
  66  8:24  Zealot x2  
  66  8:25  Zealot x2  
  64  8:45  Zealot x2  
  64  8:46  Zealot x2  
  64  8:47  Colossus  
  78  8:49  Colossus  
  78  8:52  Probe (Chrono Boost)  
  85  9:20  Sentry x3  
  85  9:22  Sentry  
  85  9:23  Nexus  
  93  9:25  Pylon  
  93  9:26  Pylon  
  93  9:28  Pylon  
  93  9:31  Assimilator  
  93  9:32  Assimilator  
  93  9:41  Colossus  
  93  9:43  Colossus  
  105  9:45  Zealot x2  
  105  9:46  Zealot  
  107  10:35  Immortal  
  66  10:45  Stalker x4  
  66  10:49  Gateway  
  68  10:50  Gateway  
  68  10:58  Gateway  
  68  11:01  Gateway  
  68  11:06  Gateway  
  67  11:13  Zealot x2  
  67  11:14  Zealot x2  
Tags
 
Add a new tag
Caveats
  • Supply blocks, unpowered buildings, or Contaminate may cause inaccurate times.
  • Supply counts are checked every 10 seconds.